woodfighter, chaotic female orcish Cavewoman ---- --- --- --..--- ---.-- --.----- |.....--- ---------- ----....-- |...--.-- ------......----........| |........| --......| ---|.................--....----.....--.| |......| --.-#...--#.....-------|............-|--- ---- |......-- ---.....--- |........# --............| ---- |..| ------.....-- ------......-- --.......|# --#-...|.....#- #|..| |..-- |.-- |.....)---.--).......| --.....-- --...|......## #..---- ---..---|..---.....-............--- ---...-- --............---...|.-- --....(.--..................*..[.| --...-- |....(...........^.....| |.....)..*------------....--....-| --- --...-- --....|.........).....-- |..........| |..o.|##-%..---. --.--- -....-- ###.-#-#.............| ---.......*----- --...--#-..)...- |....| .|....| #----- |.............| |.........--.-- --.^.#|.....)-- |-...--.---#.-# |..-- --.....--....--- --.....---.....--------...#--..|..|---......--.#-..| |...----%...---|....| |...............>......%.^..|------.|.....^........-- --........--- |....| --....------.-------##---##..|.--.|^...#-............| ---......| ------ |.....| --- ####@'#.<..[....#---...........| ---.---- --..--- # ##-#.-#--.##- -----.--.---- --- ---- `## #--###--- ------ woodfighter the Young Cave Woman Experience level: 8 Strength: 18/02 Dexterity: 14 Constitution: 18 Intelligence: 8 Wisdom: 9 Charisma: 8 Health: 0(74) Energy: 25(25) Def: 12 Gold: 246 Moves: 5947 Dungeon seed: vwMbDsOSR2bDlk2F Game ID: woodfighter_1477137343 Your Inventory: Coins $ - 246 gold pieces Weapons a - a +1 club (weapon in hand) b - a +2 sling (alternate weapon; not wielded) i - a +0 dwarvish spear W - a cursed +0 dwarvish spear Armor q - an uncursed +0 pair of leather gloves (being worn) v - an uncursed thoroughly rusty +0 pair of iron shoes (being worn) z - a blessed +4 dwarvish cloak (being worn) M - a blessed +0 dwarvish mithril-coat (being worn) Q - an uncursed +0 helmet (being worn) Comestibles c - an uncursed lembas wafer d - 6 uncursed food rations g - 2 uncursed mangos u - an uncursed tin of brown mold C - 5 uncursed tripe rations O - an uncursed banana Scrolls s - an uncursed scroll of create monster t - 2 uncursed scrolls of identify A - a blessed scroll of teleportation I - an uncursed scroll of earth S - an uncursed scroll of enchant weapon T - a cursed scroll of blank paper Rings X - an uncursed ring of teleport control Wands l - a wand of sleep (0:5) w - a wand of teleportation (0:4) D - a wand of striking (0:5) Tools f - an uncursed towel x - a +0 unicorn horn y - an uncursed skeleton key K - a +0 pick-axe L - an uncursed stethoscope V - 2 uncursed tallow candles (0:200) Y - a cursed brass lantern (lit) (0:169) Gems e - 10 uncursed flints (in quiver) Spells and supernatural/magical abilities: Name Level Category Fail Memory W - pray for help -- divine ? -- Your skills at the end: Miscellaneous Skills bare handed combat [Basic] stealth [Skilled] Weapon Skills scimitar [Basic] club [Basic] sling [Basic] Spellcasting Skills Final Attributes: You were piously aligned. You were cold resistant. You were poison resistant. Your writing hand was ok. You were telepathic. You had infravision. You were stealthy. You were fast. You are dead. Vanquished creatures: a winter wolf a quantum mechanic a small mimic 2 giants 2 wolves 2 winter wolf cubs a lynx a quivering blob 2 giant spiders 2 gnome kings a dingo a jaguar a dwarf lord a white unicorn an ape 7 soldier ants a bugbear 2 rock piercers a pony a shrieker 12 gnome lords 5 gnomish wizards 2 golden naga hatchlings a guardian naga hatchling a gray ooze a barrow wight a ghoul 6 giant ants a puppy 2 floating eyes a kitten 14 dwarves a kobold shaman 4 hill orcs 5 rothes a centipede 2 jitterbugs a giant bat a monkey 5 dwarf zombies 3 coyotes a gas spore 8 hobbits 3 acid blobs 2 geckos 2 giant rats 3 cave spiders a red mold 48 gnomes 8 garter snakes 4 jackals a fox 3 kobolds 7 newts 2 grid bugs 8 lichens 3 kobold zombies 206 creatures vanquished. Voluntary challenges: You did not cause conflict. You did not have reflection. You were not displaced. You used a wielded weapon 356 times, starting on turn 100. You did not apply a unicorn horn. You did not use plumbed fixtures. You did not drink any magical draughts. You were illiterate. You never genocided any monsters. You never polymorphed an object. You never changed form. You used no wishes. You never split a pudding. You never wrote Elbereth's name. You violated your moral code, losing 1 point of alignment, starting on turn 3840. Dungeon overview: The Dungeons of Doom: levels 1 to 4 Level 1 a long staircase Level 2 (l) Level 3 (l) stairs to The Gnomish Mines Level 4 an altar to Anshar The Gnomish Mines: levels 4 to 11 Level 4 stairs to The Dungeons of Doom Level 5 Level 6 many shops, a temple to Anu, a magic chest, some trees Level 7 <- You were here Level 8 Level 9 Level 10 Level 11 History has recorded: On T:1 you entered the Dungeons of Doom to retrieve the Amulet of Yendor! On T:77 you reached level 2 of The Dungeons of Doom. On T:650 you advanced to experience level 2. On T:669 you reached level 3 of The Dungeons of Doom. On T:1019 you advanced to experience level 3. On T:1067 you reached level 4 of The Dungeons of Doom. On T:1191 you reached level 1 of The Gnomish Mines. On T:1331 you advanced to experience level 4. On T:1648 you advanced to experience level 5. On T:1787 you reached level 2 of The Gnomish Mines. On T:2241 you advanced to experience level 6. On T:2449 you reached level 3 of The Gnomish Mines. On T:2877 you reached level 4 of The Gnomish Mines. On T:3080 you reached level 5 of The Gnomish Mines. On T:3174 you advanced to experience level 7. On T:3368 you entered the Minetown temple On T:3390 you opened a magic chest. On T:4517 you advanced to experience level 8. On T:4551 you reached level 6 of The Gnomish Mines. On T:4644 you prayed to Anshar. On T:5131 you reached level 7 of The Gnomish Mines. On T:5538 you reached level 8 of The Gnomish Mines. On T:5659 you prayed to Anshar. On T:5946 you prayed to Anshar. Score breakdown: Gold: 246 ( 24 points) Experience: 8 levels ( 700 points) Exploration: 11 levels ( 300 points) Discoveries: 23 items ( 1150 points) Variety of kills: 57 monsters ( 2000 points) Major goal: reached Minetown ( 500 points) Survival: died (score multiplied by 3) Total score: 14022 Latest messages: You cannot drop something you are wearing. You drop a hooded cloak. (2x) You drop a pair of padded gloves. You drop a hooded cloak. You cannot drop something you are wearing. You drop an uncursed pair of old gloves. You cannot drop something you are wearing. You drop a hooded cloak. You cannot drop something you are wearing. You drop a hooded cloak. You drop a light green spellbook. You drop a magenta spellbook. You drop a potion of extra healing. You drop a magenta potion. You drop a cloudy potion. You drop a milky potion. Your movements are now unencumbered. The guardian naga hatchling suddenly disappears! The rope golem claws you! (2x) You hit the rope golem! The rope golem claws you! (2x) You begin praying to Anshar. The rope golem claws you! (2x) You die... Final status: Goodbye woodfighter the Cavewoman, killed by a rope golem, while praying... You died in The Gnomish Mines on dungeon level 7 with 14022 points, and 246 pieces of gold, after 5947 moves. You were level 8 with a maximum of 74 hit points when you died.